 Dungeon Crawl Stone Soup version 0.29-a0-2-g12fcac58f8 (webtiles) character file.

Game seed: 14458723739254868867

10666 Angani the Basher (level 11, -4/101 HPs)
             Began as a Black Draconian Gladiator on Jan 27, 2022.
             Was an Initiate of Gozag.
             Slain by a black mamba (12 damage)
             ... on level 1 of the Lair of Beasts.
             The game lasted 00:25:04 (15135 turns).

Angani the Basher (Black Draconian Gladiator)      Turns: 15135, Time: 00:25:05

Health: -4/101     AC:  9    Str: 16    XL:     11   Next: 39%
Magic:  0/11       EV: 15    Int: 10    God:    Gozag
Gold:   1268       SH:  0    Dex: 16    Spells: 10/10 levels left

rFire   . . .      SeeInvis .   u - +1 dire flail (venom)
rCold   . . .      Faith    .   (shield currently unavailable)
rNeg    . . .      Spirit   +   (armour unavailable)
rPois   .          Reflect  .   k - +2 hat
rElec   +          Harm     .   (no cloak)
rCorr   .          Rampage  .   (no gloves)
Will    .....                   (no boots)
Stlth   +.........              B - amulet of guardian spirit
HPRegen 0.26/turn               (no ring)
MPRegen 0.12/turn               (no ring)

@: lethally poisoned (-4 -> -11)
A: breathe lightning, AC +7, unfitting armour, electricity resistance,
cold-blooded
a: Breathe Lightning, Renounce Religion, Potion Petition, Call Merchant, Bribe
Branch


You were on level 1 of the Lair of Beasts.
You worshipped Gozag.
Gozag was most pleased with you.
You visited 2 branches of the dungeon, and saw 11 of its levels.

You collected 2228 gold pieces.
You spent 645 gold pieces at shops.
You paid 315 gold pieces to Gozag.

Inventory:

Hand Weapons
 u - a +1 dire flail of venom (weapon)
Missiles
 c - 3 throwing nets
Armour
 k - a +2 hat (worn)
Jewellery
 q - an amulet of the acrobat
 v - a ring of ice
 y - a ring of ice
 B - an amulet of guardian spirit (around neck)
Wands
 a - a wand of acid (14)
 n - a wand of iceblast (8) (quivered)
Scrolls
 e - a scroll of silence
 g - a scroll of fog
 h - a scroll of immolation
 p - 9 scrolls of teleportation
 A - 3 scrolls of blinking
Potions
 b - 4 potions of curing
 d - a potion of lignification
 f - 2 potions of heal wounds
 i - 3 potions of flight
 j - a potion of magic {unknown}
 l - a potion of mutation {unknown}
 m - 2 potions of degeneration {unknown}
 o - a potion of berserk rage {unknown}
 r - 2 potions of might
 s - 3 potions of brilliance
 t - a potion of haste
 w - a potion of attraction
 x - a potion of ambrosia
 z - a potion of invisibility {unknown}
 C - a potion of experience {unknown}


   Skills:
 - Level 10.6 Fighting
 + Level 11.6 Maces & Flails
 - Level 1.7 Throwing
 + Level 6.1 Dodging
 - Level 8.8 Evocations


You had 10 spell levels left.
You didn't know any spells.
Your spell library contained the following spells:

 Spells                   Type           Power      Damage    Failure   Level
 Inner Flame              Hex/Fire       0%         N/A       75%         3
 Animate Dead             Necr           0%         N/A       98%         4
 Cause Fear               Hex            0%         N/A       98%         4
 Borgnjor's Vile Clutch   Necr/Erth      0%         N/A       100%        5
 Death Channel            Necr           0%         N/A       100%        6
 Discord                  Hex            0%         N/A       100%        8


Dungeon Overview and Level Annotations

Branches:
Dungeon (10/15)            Temple (0/1) D:4            Lair (1/6) D:9
    Orc: D:9-12

Altars:
Dithmenos
Fedhas
Gozag
Wu Jian
The Shining One

Shops:
D:8 !


Innate Abilities, Weirdness & Mutations

You can breathe wild blasts of lightning.
Your glossy black scales are hard. (AC +7)
You cannot fit into any form of body armour.
You are resistant to electric shocks. (rElec)
You are cold-blooded and may be slowed by cold attacks.


Message History

The black mamba is lightly wounded.
You feel very sick. The black mamba bites you.
* * * LOW HITPOINT WARNING * * *
You barely miss the black mamba.
The black mamba is lightly wounded.
You feel very sick. The black mamba bites you!
* * * LOW HITPOINT WARNING * * *
You are lethally poisoned!
The black mamba poisons you!
Unknown command.
You feel better. The black mamba bites you.
* * * LOW HITPOINT WARNING * * *
The black mamba closely misses you.
Unknown command.
Unknown command.
You miss the black mamba.
The black mamba is lightly wounded.
The black mamba closely misses you. The black mamba bites you!
* * * LOW HITPOINT WARNING * * *
You are poisoned.
The black mamba poisons you!
You barely miss the black mamba.
You tail-slap the black mamba, but do no damage.
The black mamba is lightly wounded.
* * * LOW HITPOINT WARNING * * *
You feel very sick. The black mamba closely misses you.
You closely miss the black mamba.
You tail-slap the black mamba, but do no damage.
The black mamba is lightly wounded.
* * * LOW HITPOINT WARNING * * *
You feel sick. The black mamba closely misses you.
You closely miss the black mamba.
The black mamba is lightly wounded.
* * * LOW HITPOINT WARNING * * *
You feel sick. The black mamba bites you!
You die...
Your body crumbles into a pile of gold.

#........# .##
#########......... #.#.
##.................
....##.....P...P...P....
...........#............
...........##..P.......P
...........#.#..........
...........###..........
..../..@...# #..........
.......S#..# #........P.
...........# #..........
##.##..#.### ##.........
## ### ## #P......P.
##..)).... ###P...##
###.## ###


You could see a black mamba.

Vanquished Creatures
  A two-headed ogre (D:9)
  Pikel (D:7)
  A wolf spider (Lair:1)
  A black mamba (Lair:1)
  2 komodo dragons
  A rime drake (Lair:1)
  A hornet (Lair:1)
  2 wyverns
  Sigmund (D:6)
  18 yaks
  A basilisk (Lair:1)
  Grum (D:9)
  A steam dragon (D:9)
  7 water moccasins
  2 sky beasts
  An orc warrior (D:7)
  A hornet zombie (D:8)
  2 necrophages (D:5)
  7 wolves
  4 ogres
  A centaur (D:7)
  A lemure (D:7)
  A kobold brigand (D:9)
  5 bullfrogs
  A gnoll sergeant (D:6)
  2 scorpions
  4 killer bees (D:7)
  14 wights
  3 howler monkeys
  2 centaur zombies (D:9)
  4 hounds
  2 jellies (D:7)
  A centaur skeleton (D:5)
  A gnoll shaman (D:4)
  4 orc wizards
  2 iguanas
  A hound skeleton (D:5)
  A howler monkey skeleton (D:7)
  14 adders
  11 gnolls
  2 white imps
  An ufetubus (D:5)
  3 worms
  2 dart slugs
  18 orcs
  6 endoplasms
  6 giant cockroaches
  6 goblins
  11 hobgoblins
  4 jackals
  14 kobolds
  5 quokkas
  10 ball pythons
  7 bats
  3 frilled lizards
  9 rats
238 creatures vanquished.

Vanquished Creatures (others)
  19 fungi
  63 plants
  4 toadstools (D:5)
86 creatures vanquished.

Grand Total: 324 creatures vanquished

Notes
Turn   | Place    | Note
-------+----------+-------------------------------------------
     0 | D:1      | Angani the Draconian Gladiator began the quest for the Orb.
     0 | D:1      | Reached XP level 1. HP: 17/17 MP: 1/1
   347 | D:1      | Reached XP level 2. HP: 20/25 MP: 2/2
   430 | D:1      | Found a faded altar of an unknown god.
   472 | D:1      | Prayed at the altar of an unknown god.
   472 | D:1      | Became a worshipper of Gozag Ym Sagoz the Greedy
  1293 | D:2      | Reached XP level 3. HP: 26/31 MP: 3/3
  1600 | D:2      | Reached skill level 4 in Maces & Flails
  1732 | D:2      | Reached XP level 4. HP: 40/40 MP: 4/4
  2940 | D:3      | Reached XP level 5. HP: 47/47 MP: 5/5
  3277 | D:3      | Reached skill level 1 in Evocations
  3435 | D:4      | Noticed an ogre
  3707 | D:4      | Reached skill level 5 in Maces & Flails
  3707 | D:4      | Reached XP level 6. HP: 39/55 MP: 6/6
  3825 | D:4      | Reached skill level 5 in Fighting
  4573 | D:4      | Your scales start taking on a glossy black colour.
  4573 | D:4      | Reached XP level 7. HP: 37/61 MP: 7/7
  4573 | D:4      | Gained mutation: You are resistant to electric shocks.
                  | (rElec) [Black Draconian growth]
  5168 | D:5      | Entered Level 5 of the Dungeon
  5612 | D:5      | Reached skill level 6 in Maces & Flails
  5828 | D:5      | Found an ornate altar of the Wu Jian Council.
  5853 | D:5      | Noticed a yak
  5853 | D:5      | Noticed a yak
  5854 | D:5      | Noticed a yak
  5878 | D:5      | Killed a yak
  5924 | D:5      | Killed a yak
  5925 | D:5      | Reached XP level 8. HP: 23/71 MP: 8/8
  6465 | D:5      | Reached skill level 5 in Evocations
  6563 | D:5      | Reached skill level 7 in Maces & Flails
  7100 | D:4      | Found a staircase to the Ecumenical Temple.
  7392 | D:6      | Noticed Sigmund
  7479 | D:6      | Killed Sigmund
  7525 | D:6      | You fall into a shaft and drop 1 floor!
  7846 | D:6      | Reached XP level 9. HP: 68/81 MP: 9/9
  8763 | D:6      | Found a blossoming altar of Fedhas.
  9053 | D:7      | Reached skill level 8 in Maces & Flails
  9505 | D:7      | Noticed Pikel
  9533 | D:7      | Killed Pikel
 10389 | D:7      | Found a shadowy altar of Dithmenos.
 10389 | D:7      | Found a glowing golden altar of the Shining One.
 10504 | D:8      | Reached skill level 9 in Maces & Flails
 10510 | D:8      | Reached XP level 10. HP: 64/91 MP: 10/10
 10802 | D:8      | Reached skill level 10 in Fighting
 11313 | D:8      | Found Hakum's Distillery.
 11319 | D:8      | Bought a potion of lignification for 45 gold pieces
 11319 | D:8      | Bought a potion of heal wounds for 75 gold pieces
 11319 | D:8      | Bought a potion of haste for 150 gold pieces
 11319 | D:8      | Bought a potion of attraction for 45 gold pieces
 11319 | D:8      | Bought a potion of ambrosia for 120 gold pieces
 11319 | D:8      | Bought a potion of brilliance for 60 gold pieces
 11319 | D:8      | Bought a potion of curing for 45 gold pieces
 11319 | D:8      | Bought a potion of curing for 45 gold pieces
 11319 | D:8      | Bought a potion of might for 60 gold pieces
 11783 | D:9      | Found a staircase to the Lair.
 11871 | D:9      | Paralysed by a wight for 5 turns
 11885 | D:9      | Paralysed by a wight for 2 turns
 12074 | D:9      | Noticed a two-headed ogre
 12278 | D:9      | Killed a two-headed ogre
 12279 | D:9      | Reached skill level 10 in Maces & Flails
 12333 | D:9      | Noticed Grum
 12334 | D:9      | Killed Grum
 12716 | D:10     | Entered Level 10 of the Dungeon
 12749 | D:10     | Noticed an orc knight
 12809 | Lair:1   | Entered Level 1 of the Lair of Beasts
 13299 | D:9      | Reached XP level 11. HP: 51/101 MP: 11/11
 13571 | D:9      | Reached skill level 11 in Maces & Flails
 13580 | D:9      | Reached skill level 5 in Dodging
 14125 | Lair:1   | Noticed a wolf spider
 14135 | Lair:1   | Killed a wolf spider
 14211 | Lair:1   | Paralysed by a hornet for 3 turns
 15135 | Lair:1   | Slain by a black mamba

Illustrated notes

Levels and vault maps discovered:
D:1:      lemuel_arrival_hallway, layout_basic, chequers_ecumenical_altar_twisty
D:2:      minmay_recursive_quarters, layout_basic
D:3:      minmay_evil_eye, layout_basic
D:4:      minmay_general_purpose_star, layout_basic,
          minmay_temple_entry_from_below_a
D:5:      layout_layer_cave, pdpol_wu_jian_five_deadly_venoms, nrook_uturn,
          minmay_gold_behind_fungi
D:6:      layout_basic, mainiacjoe_overflow_alcove_2, uniq_sigmund
D:7:      layout_loops_ring, gammafunk_temple_overflow_wave, corner_web_ring,
          kennysheep_minor_cross, uniq_pikel
D:8:      layout_loops_ring, serial_shops, nicolae_shop_stone
D:9:      layout_basic, dpeg_oklobed_lair, uniq_grum
D:10:     layout_gridville, david_orc_5, gammafunk_ghost_cemetery
Lair:1:   minmay_lair_venomous_thicket, layout_hall_layers

Skill      XL: |  1  2  3  4  5  6  7  8  9 10 11 |
---------------+----------------------------------+-----
Fighting       | 3 4 5 6 8 9 10 | 10.6
Maces & Flails | 4 5 6 7 9 10 11 | 11.6
Evocations     | 1 3 4 6 7 8 |  8.8
Dodging        | 4 6 |  6.1
Throwing       | |  1.7

Action                   |  1- 3 |  4- 6 |  7- 9 | 10-12 || total
-------------------------+-------+-------+-------+-------++-------
Melee: Flail             |    22 |       |    10 |       ||    32
       Whip              |    72 |   218 |   191 |       ||   481
       Tailslap          |    11 |    25 |    68 |    46 ||   150
       Punch             |     1 |     3 |     2 |       ||     6
       Dire flail        |       |       |   109 |   283 ||   392
Invok: Potion Petition   |       |       |     1 |       ||     1
 Abil: Breathe Lightning |       |       |     6 |     7 ||    13
Evoke: Wand              |       |       |     3 |     5 ||     8
  Use: Scroll            |       |       |     7 |     2 ||     9
       Potion            |       |       |     3 |     1 ||     4
 Stab: Sleeping          |     1 |     3 |     1 |       ||     5
       Distracted        |       |       |       |     1 ||     1
Armor: Skin              |    26 |    61 |    74 |    72 ||   233
Dodge: Dodged            |    55 |   158 |   178 |   214 ||   605

Table legend: (Time is in decaauts)
 A = Elapsed time spent in this place.
 B = Non-inter-level travel time spent in this place.
 C = Inter-level travel time spent in this place.
 D = Time resting spent in this place.
 E = Time spent auto-exploring this place.
 F = Levels seen in this place.
 G = Mean time per level.
                   A        B        C        D        E       F      G
               +--------+--------+--------+--------+--------+-----+--------+
         Total |  14989 |  14490 |    499 |   4871 |   7342 |  11 | 1362.6 |
       Dungeon |  13531 |  13032 |    499 |   4147 |   6877 |  10 | 1353.1 |
          Lair |   1458 |   1458 |      0 |    724 |    465 |   1 | 1458.0 |
               +--------+--------+--------+--------+--------+-----+--------+

Top non-repeatable levels by time:
     D:5: 2176 daAuts
     D:6: 1757 daAuts
     D:9: 1695 daAuts
     D:3: 1474 daAuts
     D:4: 1474 daAuts
  Lair:1: 1458 daAuts
     D:7: 1421 daAuts
     D:8: 1284 daAuts
     D:1: 1202 daAuts
     D:2: 992 daAuts
    D:10: 51 daAuts
